Unix NetHack Version 3.7.0-97 Work-in-progress - last build Feb 8 2024 15:05:57 (6d6cdf8371b60126770a3d7b88910941cb14a054,branch:master). Game began 2024-02-25 09:25:15, ended 2024-02-25 09:40:38. elenmirie, neutral female gnomish Archeologist -+-+- ---------- ##-....# |........| # |...|# ----- ###.........| ---------### ....|# |>...### |.<......| |.......|# -----# |.{.| ####|........| ........|# # |....#####|......... ## ###|.......-# # |...| #-+-------- 0####........| # ----- 0## #### --------- #--------- # B #|...=].*| # @ #|.*=..==| ## e #|=.==..=| #### ## #-....*..| # # |*.."...| --.-----# --------- |..(....# |......| -------- Elenmirie the Field Worker St:12 Dx:12 Co:11 In:17 Wi:15 Ch:10 Neutral Dlvl:3 $:84 HP:0(27) Pw:15(15) AC:8 Xp:3/70 T:2546 Latest messages: You are frozen by the floating eye's gaze! You hear someone cursing shoplifters. You are beginning to feel hungry. You can move again. You lash the floating eye. You are frozen by the floating eye's gaze! Coco bites it. Coco drops a lichen corpse. Coco picks up a lichen corpse. Coco drops a lichen corpse. Coco picks up a lichen corpse. Coco drops a lichen corpse. Coco picks up a lichen corpse. You are beginning to feel weak. Coco drops a lichen corpse. You can move again. You see here a lichen corpse. You feel strong! You must have been exercising diligently. You feel tough! You must have been leading a healthy life-style. There is a lichen corpse here; eat it? [ynq] (n) y This lichen corpse tastes okay. You finish eating the lichen corpse. You lash the floating eye. You miss the floating eye. You miss the floating eye. You are frozen by the floating eye's gaze! You hear some noises. The giant bat bites! It misses the giant bat. The giant bat bites! It bites the giant bat. The giant bat misses it. The giant bat bites! It misses the giant bat. The giant bat bites! It misses the giant bat. The giant bat bites! The giant bat bites! It bites the giant bat. The giant bat bites it. The giant bat bites! The giant bat bites! You die... Do you want your possessions identified? [ynq] (y) y Do you want to see your attributes? [ynq] (y) y Do you want an account of creatures vanquished? [ynaq] (y) y Do you want to see your conduct and achievements? [ynq] (y) y Do you want to see the dungeon overview? [ynq] (y) y Inventory: Coins $ - 84 gold pieces Weapons y - 7 uncursed +0 silver arrows a - an uncursed +2 bullwhip (weapon in right hand) Armor c - an uncursed +0 fedora l - an uncursed +0 orcish helm (being worn) b - an uncursed +0 leather jacket (being worn) Comestibles d - 3 uncursed food rations Spellbooks n - an uncursed spellbook of haste self Potions m - a cursed potion of oil Rings x - an uncursed ring of cold resistance E - an uncursed ring of cold resistance s - an uncursed ring of conflict D - an uncursed ring of protection from shape changers z - an uncursed ring of searching u - an uncursed ring of teleport control C - an uncursed ring of teleport control A - an uncursed ring of warning Wands G - an uncursed wand of polymorph (0:4) Tools w - an uncursed sack containing 4 items i - an uncursed tin opener t - an uncursed tinning kit (0:50) Gems/Stones o - an uncursed agate stone B - 2 uncursed worthless pieces of black glass p - an uncursed worthless piece of green glass g - an uncursed touchstone Contents of the sack: an uncursed scroll of amnesia an uncursed scroll of enchant weapon an uncursed potion of sickness an uncursed +0 pick-axe Elenmirie the Archeologist's attributes: Background: You were a Field Worker, a level 3 female gnomish Archeologist. You were neutral, nominally on a mission for Camaxtli who was opposed by Quetzalcoatl (lawful) and Huhetotl (chaotic). You were right-handed. You were in the Dungeons of Doom, on level 3. You entered the dungeon 2546 turns ago. There was a full moon in effect when your adventure ended. You had 70 experience points, 10 more were needed to attain level 4. Basics: You had 0 out of 27 hit points. You had all 15 energy points (spell power). Your armor class was 8. Your wallet contained 84 zorkmids. Autopickup was on for '$' plus thrown. Final Characteristics: Your strength was 12 (limit:18/50). Your dexterity was 12 (limit:18). Your constitution was 11 (limit:18). Your intelligence was 17 (limit:19). Your wisdom was 15 (limit:18). Your charisma was 10 (limit:18). Final Status: You weren't hungry. You were unencumbered. You were wielding a whip. You had basic skill with whip. Final Attributes: You were devoutly aligned. You had automatic searching. You had infravision. You were lucky. You are dead. Miscellaneous: You never encountered a bones level. Total elapsed playing time was 15 minutes and 19 seconds. Major events: Turn 1: elenmirie the neutral female gnomish Archeologist entered the dungeon 624: entered the Gnomish Mines 1207: attained the rank of Field Worker (level 3) 2546: killed by a giant bat, while frozen by a floating eye's gaze Vanquished creatures: a giant bat an iguana an acid blob 2 gas spores a yellow mold a gecko a fox 2 kobolds 3 goblins a sewer rat a grid bug 5 lichens 2 kobold zombies 3 newts 25 creatures vanquished. No species were genocided or became extinct. Voluntary challenges: You were an atheist. You read items or engraved 2 times. You never engraved Elbereth. You never genocided any monsters. You never polymorphed an object. You never changed form. You used no wishes. Achievements: You entered the Gnomish Mines. You entered a shop. You attained the rank of Field Worker. The Dungeons of Doom: levels 1 to 3 Level 1: Level 2: Stairs down to The Gnomish Mines. Level 3: <- You were here. A fountain. Final resting place for you, killed by a giant bat, while frozen by a floating eye's gaze. The Gnomish Mines: Level 3: Game over: ---------- / \ / REST \ / IN \ / PEACE \ / \ | elenmirie | | 84 Au | | killed by a | | giant bat | | | | | | 2024 | *| * * * | * _________)/\\_//(\/(/\)/\//\/|_)_______ Goodbye elenmirie the Archeologist... You died in The Dungeons of Doom on dungeon level 3 with 456 points, and 84 pieces of gold, after 2546 moves. You were level 3 with a maximum of 27 hit points when you died.